 Dungeon Crawl Stone Soup version 0.32-a0-540-g866d13106e (webtiles) character file.

Game seed: 14494869211580234902

1411 grandjackal the Trooper (level 8, 0/67 HPs)
             Began as a Demonspawn Gladiator on Feb 29, 2024.
             Slain by Edmund
             ... wielding a +5 heavy dire flail
              (22 damage)
             ... on level 6 of the Dungeon.
             The game lasted 00:05:25 (5293 turns).

grandjackal the Trooper (Demonspawn Gladiator)      Turns: 5293, Time: 00:05:26

Health: 0/67       AC: 15    Str: 15    XL:     8   Next: 43%
Magic:  8/8        EV: 11    Int:  9    God:
Gold:   309        SH:  0    Dex: 16    Spells: 6/7 levels left

rFire   . . .        a - +0 long sword
rCold   . . .        (no shield)
rNeg    . . .        p - +0 ring mail
rPois   .            c - +0 helmet
rElec   .            (no cloak)
rCorr   .            (no gloves)
SInv    .            (no boots)
Will    .....        (no amulet)
Stlth   +            (no ring)
HPRegen 0.31/turn    (no ring)
MPRegen 0.11/turn

%: no passive effects
@: sanguine armoured, invisible
A: claws 2, sanguine armour 2, demonic magic 1
a: no special abilities


You were on level 6 of the Dungeon.
You visited 1 branch of the dungeon, and saw 6 of its levels.

You collected 309 gold pieces.

Inventory:

Hand Weapons
 a - a +0 long sword (weapon)
Missiles
 d - 3 throwing nets (quivered)
 e - a javelin
Armour
 c - a +0 helmet (worn)
 p - a +0 ring mail (worn)
Jewellery
 w - a +6 ring of dexterity
Wands
 b - a wand of flame (19)
 r - a wand of charming (9)
 y - a wand of digging (3)
Scrolls
 h - 5 scrolls of identify {unknown}
 j - 2 scrolls of immolation {unknown}
 n - a scroll of summoning {unknown}
 q - a scroll of revelation {unknown}
 u - a scroll of poison {unknown}
 v - a scroll of brand weapon {unknown}
 x - a scroll of fear {unknown}
Potions
 f - a potion of invisibility
 g - a potion of lignification {unknown}
 i - a potion of attraction {unknown}
 k - 3 potions of might {unknown}
 l - a potion of curing {unknown}
 m - a potion of ambrosia {unknown}
 o - a potion of cancellation {unknown}
 s - a potion of heal wounds {unknown}
 t - a potion of mutation {unknown}


   Skills:
 + Level 7.0 Fighting
 - Level 4.5 Long Blades
 - Level 2.0 Throwing
 - Level 3.0 Dodging
 + Level 4.6 Unarmed Combat
 + Level 3.2 Ice Magic


You had 6 spell levels left.
You knew the following spells:

 Your Spells              Type           Power      Damage    Failure   Level
a - Freeze                Ice            20%        1d4       22%         1

Your spell library contained the following spells:

 Spells                   Type           Power      Damage    Failure   Level
 Frozen Ramparts          Ice            10%        1d2       54%         3
 Static Discharge         Conj/Air       0%         3-3/arc   77%         2
 Hailstorm                Conj/Ice       2%         3d5       77%         3
 Airstrike                Air            0%         2d(0-16)  100%        4
 Summon Lightning Spire   Summ/Air       0%         N/A       100%        4


Dungeon Overview and Level Annotations

Branches:
Dungeon (6/15)             Temple (0/1) D:6

Altars:

Shops:
D:2 =!   D:5 ?

Annotations:
D:3 1 runed translucent door, nikkithebee's ghost, amateur DsGl
D:6 Edmund


Innate Abilities, Weirdness & Mutations

You have very sharp fingernails.
When seriously injured, your blood forms thick armour. (AC +9)
Spells you cast may paralyse adjacent enemies.


Message History

You hit the ice beast.
The ice beast is heavily wounded.
The ice beast hits you but does no damage.
You hit the ice beast but do no damage.
The ice beast is heavily wounded.
The ice beast hits you. The ice beast freezes you.
You hit the ice beast.
The ice beast is severely wounded.
The ice beast hits you.
Your blood congeals into armour.
The ice beast freezes you!
You hit the ice beast but do no damage.
The ice beast is severely wounded.
The ice beast hits you but does no damage.
You hit the ice beast.
The ice beast is severely wounded.
Edmund says, "People think my brother is the best.
I think he's crazy."
The ice beast hits you but does no damage.
Edmund hits you with a +5 heavy dire flail!
The ice beast hits you. The ice beast freezes you.
* * * LOW HITPOINT WARNING * * *
The ice beast attacks as it pursues you!
The ice beast hits you but does no damage.
Unknown command.
Aiming: Charm
Press: ? - help, Shift-Dir - straight line, f - ice beast
Aim: an ice beast (severely wounded, chance to affect: 49%)
The ice beast resists with some effort.
Aiming: Charm
Press: ? - help, Shift-Dir - straight line, f/p - ice beast
Aim: an ice beast (severely wounded, chance to affect: 49%)
The ice beast is charmed.
Edmund hits your ice beast with a +5 heavy dire flail!
Your ice beast dies!
Your Fighting skill increases to level 7!
It was a potion of invisibility.
You fade into invisibility!
There is a stone staircase leading up here.
Edmund hits you with a +5 heavy dire flail!!
You die...
Edmund whines, "They better pay attention to me now!"

#.# ... #.# ...
#.# #.# #.# ...
#.# #.# #.# #.#
#####.###.#######
#....@..)........
#.###@####.#.....
#.# #... #... #.#
#..#..#.# ###.
#.# #..#....#
.....##.#
#...#...[
#.....####......>
#............#
#.#.######..#..#


You could see Edmund (unable to see you).

Vanquished Creatures
  Sigmund (D:3)
  A steam dragon (D:6)
  Menkaure (D:5)
  2 ogres
  2 phantoms (D:4)
  A scorpion (D:4)
  2 bombardier beetles
  2 hounds (D:5)
  A jelly (D:5)
  2 orc priests
  Jessica (D:2)
  3 iguanas
  2 orc wizards
  4 gnolls (D:5)
  4 adders
  A shadow imp (D:5)
  A white imp (D:5)
  4 dart slugs
  10 orcs
  5 ball pythons
  5 endoplasms
  5 goblins
  7 hobgoblins
  4 quokkas
  8 bats
  4 frilled lizards
  4 kobolds
  7 rats
94 creatures vanquished.

Vanquished Creatures (collateral kills)
  An orc (D:5)
1 creature vanquished.

Vanquished Creatures (others)
  An ice beast (D:6)
1 creature vanquished.

Grand Total: 96 creatures vanquished

Notes
Turn   | Place    | Note
-------+----------+-------------------------------------------
     0 | D:1      | grandjackal the Demonspawn Gladiator began the quest for
                  | the Orb.
     0 | D:1      | Reached XP level 1. HP: 16/16 MP: 1/1
    66 | D:1      | Gained mutation: Spells you cast may paralyse adjacent
                  | enemies. [demonic ancestry]
    66 | D:1      | Reached XP level 2. HP: 22/22 MP: 2/2
   223 | D:1      | Found a faded altar of an unknown god.
   477 | D:1      | Gained mutation: When seriously injured, your blood forms
                  | armour. (AC +9) [demonic ancestry]
   477 | D:1      | Reached XP level 3. HP: 28/28 MP: 3/3
  1088 | D:2      | Noticed Jessica
  1094 | D:2      | Reached skill level 3 in Fighting
  1100 | D:2      | Killed Jessica
  1101 | D:2      | Gained mutation: When seriously injured, your blood forms
                  | thick armour. (AC +9) [demonic ancestry]
  1101 | D:2      | Reached XP level 4. HP: 31/35 MP: 4/4
  1325 | D:2      | Found Deoprato's One-of-a-Kind Rings.
  1359 | D:2      | Found Toor's Distillery.
  1562 | D:3      | Noticed Sigmund
  1596 | D:3      | Killed Sigmund
  1597 | D:3      | Reached skill level 4 in Fighting
  1597 | D:3      | Gained mutation: You have sharp fingernails. [demonic
                  | ancestry]
  1597 | D:3      | Reached XP level 5. HP: 8/43 MP: 5/5
  1732 | D:3      | Found a runed translucent door.
  1732 | D:3      | Noticed nikkithebee's ghost (amateur DsGl)
  1833 | D:3      | Reached XP level 6. HP: 43/49 MP: 6/6
  2066 | D:4      | Reached skill level 1 in Unarmed Combat
  2304 | D:3      | Reached skill level 5 in Fighting
  2726 | D:4      | Reached XP level 7. HP: 31/56 MP: 7/7
  2895 | D:4      | Learned a level 1 spell: Freeze
  3385 | D:4      | Reached skill level 6 in Fighting
  3462 | D:5      | Entered Level 5 of the Dungeon
  3464 | D:5      | Noticed Menkaure
  3565 | D:5      | Killed Menkaure
  3566 | D:5      | Reached skill level 1 in Ice Magic
  4335 | D:5      | Gained mutation: You have very sharp fingernails. [demonic
                  | ancestry]
  4335 | D:5      | Reached XP level 8. HP: 64/65 MP: 6/8
  5084 | D:5      | Found Enabrema's Magic Scroll Boutique.
  5220 | D:6      | Found a staircase to the Ecumenical Temple.
  5271 | D:6      | Noticed Edmund
  5283 | D:6      | Reached skill level 7 in Fighting
  5293 | D:6      | Slain by Edmund

Illustrated notes

Levels and vault maps discovered:
D:1:      nzn_arrival_crosshair, layout_loops_ring,
          shapermc_ecumenical_altar_venn
D:2:      layout_loops_ring, serial_shops, nicolae_shop_industrial_runoff,
          amethyst_killhole, nicolae_shop_unique_rings, uniq_jessica
D:3:      layout_rooms, gammafunk_ghost_grave, uniq_sigmund
D:4:      layout_gridville, tso_altar
D:5:      layout_gridville, serial_shops, kennysheep_little_box,
          serial_bayou_pond_e, hex_tiny, grunt_ministairs_7,
          chequers_serial_rivers_large_a, roderic_serpentine_path, uniq_menkaure
D:6:      cheibrodos_steamvent, layout_loops_ring, mainiacjoe_overflow_paths,
          minmay_temple_entry_mini_moons, portal_sewer_entry_d,
          hangedman_minor_gate_pass, uniq_edmund

Skill      XL: |  1  2  3  4  5  6  7  8 |
---------------+-------------------------+-----
Throwing       | 2 |  2.0
Long Blades    | 3 4 |  4.5
Dodging        | 3 |  3.0
Fighting       | 3 4 5 6 7 |  7.0
Unarmed Combat | 2 3 4 |  4.6
Ice Magic      | 2 3 |  3.2

Action                     |  1- 3 |  4- 6 |  7- 9 || total
---------------------------+-------+-------+-------++-------
  Melee: Long sword        |   104 |   130 |   162 ||   396
   Cast: Freeze            |       |       |    12 ||    12
  Evoke: Wand              |       |       |    11 ||    11
    Use: Potion            |       |       |     1 ||     1
   Stab: Paralysed         |       |       |    14 ||    14
 Armour: Leather armour    |    78 |    18 |       ||    96
         Ring mail         |       |    77 |   114 ||   191
  Dodge: Dodged            |    76 |    94 |    99 ||   269

Table legend: (Time is in decaauts)
 A = Elapsed time spent in this place.
 B = Non-inter-level travel time spent in this place.
 C = Inter-level travel time spent in this place.
 D = Time resting spent in this place.
 E = Time spent auto-exploring this place.
 F = Levels seen in this place.
 G = Mean time per level.
                   A        B        C        D        E       F      G
               +--------+--------+--------+--------+--------+-----+--------+
         Total |   5388 |   5300 |     88 |   1361 |   2971 |   6 |  898.0 |
       Dungeon |   5388 |   5300 |     88 |   1361 |   2971 |   6 |  898.0 |
               +--------+--------+--------+--------+--------+-----+--------+

Top non-repeatable levels by time:
     D:5: 1512 daAuts
     D:4: 1319 daAuts
     D:2: 997 daAuts
     D:3: 754 daAuts
     D:1: 726 daAuts
     D:6: 78 daAuts
